 Dungeon Crawl Stone Soup version 0.29.1-13-g9f3cf754e1 (webtiles) character file.

Game seed: 1241483304375171822

5329 Descartes the Blocker (level 10, -4/77 (80) HPs)
             Began as a Formicid Fighter on Feb 1, 2023.
             Was an Initiate of Gozag.
             Slain by a troll (15 damage)
             ... on level 7 of the Dungeon.
             The game lasted 00:14:03 (9596 turns).

Descartes the Blocker (Formicid Fighter)            Turns: 9596, Time: 00:14:04

HP:   -4/77 (80)    AC: 10    Str: 25    XL:     10   Next: 96%
MP:   10/10         EV:  8    Int:  8    God:    Gozag
Gold: 672           SH: 12    Dex: 17    Spells: 9/9 levels left

rFire   + . .      SeeInvis +   z - +2 broad axe "Ses Kunin" {vorpal, rPois rN+ rCorr Dex+4}
rCold   + . .      Faith    .   c - +0 buckler
rNeg    + . .      Spirit   .   j - +0 chain mail
rPois   +          Reflect  +   (helmet unavailable)
rElec   .          Harm     .   t - scarf {rC+ rF+}
rCorr   +          Rampage  .   (no gloves)
Will    +....                   (no boots)
Stlth   ..........              y - amulet of reflection
HPRegen 0.22/turn               (no ring)
MPRegen 0.12/turn               (no ring)

@: lightly drained
A: permanent stasis, dig shafts and tunnels, antennae 3, four strong arms
a: Dig, Shaft Self, Renounce Religion, Potion Petition, Call Merchant, Bribe
Branch


You were on level 7 of the Dungeon.
You worshipped Gozag.
Gozag was pleased with you.
You visited 2 branches of the dungeon, and saw 9 of its levels.
You also visited: Bailey.

You collected 764 gold pieces.
You paid 92 gold pieces to Gozag.

Inventory:

Hand Weapons
 a - a +0 war axe
 d - a +0 morningstar
 w - the +3 trident "Dragon's Funeral" {elec, rF+++ rC- Int+8 Stlth-}
   (You found it on level 4 of the Dungeon)

   It occasionally discharges a powerful burst of electricity upon striking a
   foe.
   Int:       It affects your intelligence (+8).
   rF:        It renders you almost immune to fire.
   rC:        It makes you vulnerable to cold.
   Stlth:     It makes you less stealthy.
 z - the +2 broad axe "Ses Kunin" (weapon) {vorpal, rPois rN+ rCorr Dex+4}
   (You took it off a spriggan in a bailey)

   It inflicts extra damage upon your enemies.
   Dex:       It affects your dexterity (+4).
   rPois:     It protects you from poison.
   rN:        It protects you from negative energy.
   rCorr:     It protects you from acid and corrosion.
 C - a +2 great sword
 J - a +4 battleaxe
Missiles
 h - 16 poisoned darts
 i - 5 atropa-tipped darts
 s - a throwing net
Armour
 c - a +0 buckler (worn)
 j - a +0 chain mail (worn)
 t - a scarf of resistance (worn)
 L - a +0 pair of gloves
 N - a +2 robe of willpower
Jewellery
 y - an amulet of reflection (around neck)
 E - a ring of magical power
Wands
 n - a wand of polymorph (8)
 K - a wand of quicksilver (6)
Scrolls
 e - 5 scrolls of fear
 g - a scroll of vulnerability {unknown}
 l - 2 scrolls of identify
 m - 2 scrolls of immolation {unknown}
 p - 6 scrolls of teleportation
 q - a scroll of enchant armour {unknown}
 r - 6 scrolls of butterflies
 x - a scroll of magic mapping
 B - 3 scrolls of poison {unknown}
 D - a scroll of noise {unknown}
 F - a scroll of torment {unknown}
 I - a scroll of silence {unknown}
 M - a scroll of acquirement {unknown}
Potions
 b - a potion of haste {unknown}
 f - 2 potions of degeneration
 k - 2 potions of flight {unknown}
 o - 4 potions of lignification {unknown}
 u - 8 potions of curing {unknown}
 v - a potion of invisibility
 A - 2 potions of ambrosia {unknown}
 G - 2 potions of mutation {unknown}
 H - a potion of cancellation {unknown}


   Skills:
 + Level 7.9 Fighting
 + Level 4.0(5.3) Axes
 + Level 5.3(6.0) Polearms
 + Level 8.0 Armour
 + Level 9.4 Shields
 + Level 4.2 Translocations
 + Level 7.0 Evocations


You had 9 spell levels left.
You didn't know any spells.
Your spell library contained the following spells:

 Spells                   Type           Power      Damage    Failure   Level
 Shock                    Conj/Air       0%         1d3       95%         1
 Airstrike                Air            0%         2d(0-16)  100%        4
 Conjure Ball Lightning   Conj/Air       0%         3x3d6     100%        6
 Haunt                    Necr/Summ      0%         N/A       100%        7
 Discord                  Hex            0%         N/A       100%        8
 Disjunction              Tloc           3%         N/A       100%        8
 Infestation              Necr           0%         N/A       100%        8
 Swiftness                Air            Unusable   N/A       N/A         3
 Animate Dead             Necr           Unusable   N/A       N/A         4

Dungeon Overview and Level Annotations

Branches:
Dungeon (8/15)             Temple (1/1) D:6          Bailey (visited)
   Lair: D:8-11

Altars:
Ashenzari
Cheibriados
Dithmenos
Elyvilon
Fedhas
Gozag
Hepliaklqana
Makhleb
Okawaru
Qazlal
Trog
Wu Jian
Xom
Zin
The Shining One


Innate Abilities, Weirdness & Mutations

You cannot be hasted, slowed, berserked, paralysed or teleported.
You can dig through walls and to a lower floor.
You have a pair of large antennae on your head. (SInv)
Your four strong arms can wield two-handed weapons with a shield.


Message History

There is a stone staircase leading down, spattered with blood here.
You barely miss the wyvern. You barely miss the troll. The wyvern bites you.
You block the troll's attack. x2; The troll closely misses you.
The wyvern bites you!
You closely miss the wyvern. You closely miss the troll.
The wyvern closely misses you. The troll barely misses you.
You block the troll's attack. x2
You slash the wyvern!
The wyvern is severely wounded.
You slash the troll! You block the wyvern's attack. The troll bites you!
The troll barely misses you. The troll claws you. The wyvern bites you!
The troll bites you but does no damage. You block the troll's attack.
The troll claws you. The wyvern barely misses you.
You hit the wyvern but do no damage.
The wyvern is severely wounded.
You hit the troll. The wyvern barely misses you. The troll closely misses you.
You block the troll's attack. The troll claws you but does no damage.
You block the wyvern's attack.
You closely miss the wyvern.
The wyvern is severely wounded.
You closely miss the troll. You block the wyvern's attack.
The troll closely misses you. You block the troll's attack.
The troll claws you but does no damage.
The wyvern bites you but does no damage.
Unknown command.
You hit the wyvern but do no damage.
The wyvern is severely wounded.
You closely miss the troll. You block the wyvern's attack.
The troll bites you but does no damage. The troll claws you but does no damage.
You block the troll's attack. You block the wyvern's attack.
The troll closely misses you. The troll claws you.
* * * LOW HITPOINT WARNING * * *
The troll claws you!
* * * LOW HITPOINT WARNING * * *
You hit the wyvern but do no damage.
The wyvern is severely wounded.
You hit the troll but do no damage. You block the wyvern's attack.
The troll bites you!
You die...
Your body crumbles into a pile of gold.

##### #...# ######.#.#####<# #
######...### #.#......)# #
##.##.......# #.######### #
###.#......##.######......#######
#..###..#...........#####........
#.## ##....##.##.##.# #########
#..###..#..##.##.##.# #
#.#.#..)...##.##l##.# #
#.#...........##@##.#
#.#.#......##.##T##.#
#...................####
###.#.#.......##.......#
#...........##.#####.#
###.#.....[.##.#####.#
####..........##....##.#
..............##.##.##.#
.###..........##.##.##.#


You could see a troll and a wyvern.

Vanquished Creatures
  A two-headed ogre (Bailey)
  Grinder (D:5)
  4 spriggans (Bailey)
  3 yaks (D:7)
  2 steam dragons
  Menkaure (D:5)
  A water moccasin (D:7)
  An orc warrior (D:6)
  2 ice beasts (D:6)
  A sky beast (D:7)
  2 ogres (Bailey)
  A centaur (D:6)
  The ghost of jaiteiro the Conjurer, an amateur GnCj (D:3)
  3 phantoms
  A kobold brigand (D:7)
  A necrophage (D:3)
  3 scorpions
  A water moccasin zombie (D:3)
  14 wights
  3 killer bees (D:7)
  A howler monkey (D:5)
  A bullfrog zombie (D:3)
  A centaur zombie (D:3)
  6 hounds
  4 orc priests
  A gnoll bouda (D:5)
  A centaur skeleton (D:3)
  An iguana (D:5)
  Natasha (thrice) (D:4)
  3 orc wizards
  A mummy (D:7)
  7 gnolls
  9 adders
  5 dart slugs
  17 orcs
  3 ball pythons
  3 bats
  7 endoplasms
  5 giant cockroaches
  12 hobgoblins
  5 jackals
  13 kobolds
  3 quokkas
  6 frilled lizards
  9 goblins
  A hobgoblin zombie (D:7)
  A kobold zombie (D:7)
  2 orc zombies (D:7)
  4 rats
182 creatures vanquished.

Vanquished Creatures (others)
  A plant (D:3)
1 creature vanquished.

Grand Total: 183 creatures vanquished

Notes
Turn   | Place    | Note
-------+----------+-------------------------------------------
     0 | D:1      | Descartes the Formicid Fighter began the quest for the Orb.
     0 | D:1      | Reached XP level 1. HP: 18/18 MP: 1/1
   107 | D:1      | Reached XP level 2. HP: 24/24 MP: 2/2
   588 | D:1      | Noticed a great orb of eyes
   590 | D:1      | Found a faded altar of an unknown god.
   592 | D:1      | Noticed a great orb of eyes
   592 | D:1      | Noticed a great orb of eyes
   592 | D:1      | Noticed a shining eye
   674 | D:1      | Reached XP level 3. HP: 29/29 MP: 3/3
   683 | D:1      | Reached skill level 1 in Evocations
  1341 | D:2      | Reached XP level 4. HP: 37/37 MP: 4/4
  1488 | D:2      | Found a stormy altar of Qazlal.
  1794 | D:3      | Found a transporter.
  1794 | D:3      | Noticed jaiteiro's ghost (amateur GnCj)
  1883 | D:3      | Found a white marble altar of Elyvilon.
  1979 | D:3      | Reached XP level 5. HP: 15/42 MP: 5/5
  2460 | D:3      | Found a transporter.
  2541 | D:3      | Reached skill level 5 in Shields
  2802 | D:3      | Found a bloodstained altar of Trog.
  2915 | D:3      | Reached XP level 6. HP: 39/49 MP: 6/6
  3020 | D:3      | HP: 1/41 [jaiteiro's ghost (3)]
  3023 | D:3      | Killed jaiteiro's ghost
  3024 | D:3      | Reached XP level 7. HP: 17/54 MP: 7/7
  3323 | D:4      | Found a burning altar of Makhleb.
  3650 | D:4      | Reached skill level 5 in Fighting
  3650 | D:4      | Reached skill level 5 in Armour
  3650 | D:4      | Noticed Natasha
  3651 | D:4      | Identified the +3 trident "Dragon's Funeral" {elec, rF+++
                  | rC- Int+8 Stlth-}
  3656 | D:4      | Killed Natasha
  3749 | D:4      | Noticed Natasha
  3752 | D:4      | Killed Natasha
  3753 | D:4      | Reached skill level 6 in Shields
  3881 | D:4      | Found an ornate altar of the Wu Jian Council.
  3933 | D:4      | Noticed Natasha
  3938 | D:4      | Killed Natasha
  3978 | D:4      | Reached XP level 8. HP: 61/62 MP: 8/8
  4063 | D:4      | Reached skill level 1 in Polearms
  4296 | D:5      | Entered Level 5 of the Dungeon
  4296 | D:5      | Noticed Grinder
  4296 | D:5      | Noticed Menkaure
  4298 | D:5      | Killed Menkaure
  4320 | D:5      | Killed Grinder
  4590 | D:5      | Reached skill level 7 in Shields
  4667 | D:5      | Reached XP level 9. HP: 49/69 MP: 9/9
  4781 | D:5      | Reached skill level 1 in Translocations
  4790 | D:5      | Reached skill level 5 in Evocations
  5654 | D:6      | Reached skill level 8 in Shields
  6073 | D:6      | Found a staircase to the Ecumenical Temple.
  6079 | Temple   | Entered the Ecumenical Temple
  6322 | Temple   | Became a worshipper of Gozag Ym Sagoz the Greedy
  6920 | D:7      | Reached XP level 10. HP: 65/77 MP: 10/10
  7125 | D:7      | Found a flagged portal.
  7164 | Bailey   | Entered a bailey
  7635 | Bailey   | Identified the +2 broad axe "Ses Kunin" {vorpal, rPois rN+
                  | rCorr Dex+4}
  7871 | Bailey   | Noticed a two-headed ogre
  7906 | Bailey   | Reached skill level 9 in Shields
  7911 | Bailey   | Killed a two-headed ogre
  7912 | Bailey   | Reached skill level 5 in Polearms
  8923 | D:7      | Found a glowing silver altar of Zin.
  9596 | D:7      | Slain by a troll

Illustrated notes

Levels and vault maps discovered:
D:1:      wheals_arrival_shading, layout_basic,
          hellmonk_ecumenical_altar_watching_god, chequers_garden, hex_large,
          minmay_misc_feat_hallway, kennysheep_nondescript
D:2:      layout_rooms, basic_altar
D:3:      layout_loops_ring, elyvilon_altar_1, trog_hazing_becter,
          gammafunk_ghost_mausoleum, serial_forest, infiniplex_forest_lined_2,
          infiniplex_forest_straight_1, infiniplex_forest_end_2,
          infiniplex_forest_straight_1, infiniplex_forest_clump_curved,
          infiniplex_forest_clump_long, infiniplex_forest_clump_small,
          infiniplex_forest_split, infiniplex_forest_lined_2
D:4:      layout_basic, mainiacjoe_overflow_cross_hatched, bloody_makhleb,
          uniq_natasha
D:5:      layout_basic, uniq_grinder, uniq_menkaure
D:6:      layout_basic, minmay_temple_entry_nine_rooms, minmay_misc_feat_square
D:7:      layout_loops_cross, zin_treasury, enter_bailey_5, minmay_mini_ossuary
D:8:      layout_rooms, mainiacjoe_overflow_24_doors, kennysheep_mini,
          grunt_lair_entry_orc_guard_hut
Temple:   jpeg_temple_island

Skill      XL: |  1  2  3  4  5  6  7  8  9 10 |
---------------+-------------------------------+-----
Evocations     | 1 2 3 4 5 7 |  7.0
Fighting       | 4 5 6 7 |  7.9
Armour         | 4 5 6 7 8 |  8.0
Axes           | 3 4 |  4.0
Shields        | 5 6 7 8 9 |  9.4
Polearms       | 2 4 5 |  5.3
Translocations | 2 4 |  4.2

Action                   |  1- 3 |  4- 6 |  7- 9 | 10-12 || total
-------------------------+-------+-------+-------+-------++-------
Melee: War axe           |    84 |   135 |    18 |       ||   237
       Trident           |       |       |   221 |   120 ||   341
       Morningstar       |       |       |    13 |       ||    13
       Broad axe         |       |       |       |    25 ||    25
 Abil: Dig               |       |       |       |     2 ||     2
  Use: Potion            |       |     3 |       |     4 ||     7
       Scroll            |       |       |       |     5 ||     5
Armor: Scale mail        |    19 |       |       |       ||    19
       Chain mail        |    33 |   101 |    75 |    62 ||   271
Dodge: Dodged            |    33 |    71 |    45 |    67 ||   216
Block: Buckler           |    20 |    42 |   117 |   111 ||   290
       Reflection        |       |       |     2 |     1 ||     3
